[ AOE2 MATCH · #467540654 ]
Team RMJurchens vs Bulgarians
Player's team · WIN
[ REPLAY ANALYSIS · EXTRACTED FROM THE RECORDED GAME ]
Feudal
11:17
Castle
14:54
Imperial
47:25
| APM avg | 26.0 |
| APM peak | 82 |
| eAPM avg | 12.7 |
| Villagers / military | 102 / 55 |
Focus
⚔️ 20.3% · 🌾 79.7%
Steppe Lancer ×51 · Unknown (1908) ×7 · Unknown (1911) ×4 · Scout Cavalry ×3 · Battering Ram ×1
Feudal
13:29
Castle
18:14
Imperial
34:41
| APM avg | 17.3 |
| APM peak | 37 |
| eAPM avg | 13.8 |
| Villagers / military | 202 / 80 |
Focus
⚔️ 24.5% · 🌾 75.5%
Camel Scout ×75 · Trebuchet (Packed) ×3 · Monk ×1 · Ghulam ×1
Feudal
11:44
Castle
17:06
Imperial
40:56
| APM avg | 29.9 |
| APM peak | 62 |
| eAPM avg | 20.3 |
| Villagers / military | 111 / 103 |
Focus
⚔️ 31.4% · 🌾 68.6%
Militia ×86 · Battering Ram ×15 · Mangonel ×2
Feudal
12:16
Castle
16:01
Imperial
44:50
| APM avg | 32.5 |
| APM peak | 91 |
| eAPM avg | 17.8 |
| Villagers / military | 124 / 109 |
Focus
⚔️ 28.5% · 🌾 71.5%
Spearman ×49 · Serjeant ×31 · Mangonel ×25 · Trebuchet (Packed) ×4
Feudal
—
Castle
—
Imperial
—
| APM avg | 36.0 |
| APM peak | 82 |
| eAPM avg | 20.4 |
| Villagers / military | 123 / 279 |
Focus
⚔️ 30.0% · 🌾 70.0%
Spearman ×102 · Scout Cavalry ×66 · Monaspa ×53 · Scorpion ×36 · Knight ×14 · Trebuchet (Packed) ×8
Feudal
11:05
Castle
15:28
Imperial
39:21
| APM avg | 37.9 |
| APM peak | 92 |
| eAPM avg | 19.4 |
| Villagers / military | 119 / 208 |
Focus
⚔️ 24.5% · 🌾 75.5%
Spearman ×184 · Battering Ram ×17 · Monk ×4 · Trebuchet (Packed) ×2 · Mangonel ×1
Feudal
12:13
Castle
15:53
Imperial
30:46
| APM avg | 41.6 |
| APM peak | 86 |
| eAPM avg | 26.6 |
| Villagers / military | 126 / 199 |
Focus
⚔️ 35.7% · 🌾 64.3%
Militia ×144 · Iron Pagoda ×30 · Unknown (1920) ×16 · Spearman ×15 · Skirmisher ×5 · Fire Lancer ×4
Feudal
13:09
Castle
20:50
Imperial
35:08
| APM avg | 26.0 |
| APM peak | 72 |
| eAPM avg | 14.4 |
| Villagers / military | 85 / 97 |
Focus
⚔️ 24.8% · 🌾 75.2%
Scorpion ×82 · Boyar ×12 · Trebuchet (Packed) ×3
Match map
Initial resources + every placement click. Lines = walls · curves = elevation contours. ◆ gold · ⬟ stone · ● berries · ✦ relic · ◌ wall gap
Inputs per minute
— cuffneyj - - chekopg_1110
Build order — cuffneyj
First 150 of 290 actions detected
| 0:04 | Build | House |
| 0:06 | Build | House |
| 0:07 | Create | Villager (Male) |
| 0:07 | Create | Villager (Male) |
| 0:07 | Create | Villager (Male) |
| 0:08 | Create | Villager (Male) |
| 0:08 | Create | Villager (Male) |
| 1:34 | Create | Villager (Male) |
| 1:52 | Create | Villager (Male) |
| 2:00 | Build | Lumber Camp |
| 2:32 | Create | Villager (Male) |
| 2:43 | Create | Villager (Male) |
| 3:06 | Build | House |
| 3:08 | Build | House |
| 3:12 | Create | Villager (Male) |
| 3:47 | Create | Villager (Male) |
| 4:32 | Create | Villager (Male) |
| 4:33 | Create | Villager (Male) |
| 4:33 | Create | Villager (Male) |
| 4:33 | Create | Villager (Male) |
| 5:47 | Create | Villager (Male) |
| 5:47 | Create | Villager (Male) |
| 5:48 | Create | Villager (Male) |
| 6:00 | Create | Villager (Male) |
| 6:00 | Create | Villager (Male) |
| 6:00 | Create | Villager (Male) |
| 6:01 | Create | Villager (Male) |
| 6:42 | Build | Mill |
| 7:20 | Build | Mill |
| 7:57 | Create | Villager (Male) |
| 7:59 | Create | Villager (Male) |
| 8:36 | Build | House |
| 8:44 | Research | Feudal Age |
| 8:52 | Build | Mining Camp |
| 10:51 | Create | Villager (Male) |
| 10:51 | Create | Villager (Male) |
| 11:17 | Age | Feudal Age |
| 11:22 | Build | Market |
| 11:29 | Build | Blacksmith |
| 12:14 | Research | Castle Age |
| 12:39 | Research | Double-Bit Axe |
| 14:05 | Build | House |
| 14:08 | Build | House |
| 14:10 | Build | House |
| 14:11 | Build | House |
| 14:46 | Build | Farm |
| 14:54 | Age | Castle Age |
| 15:02 | Build | Town Center |
| 15:18 | Build | Town Center |
| 15:24 | Research | Wheelbarrow |
| 15:24 | Create | Villager (Male) |
| 15:25 | Create | Villager (Male) |
| 15:40 | Build | Mining Camp |
| 15:56 | Build | Farm |
| 16:37 | Create | Villager (Male) |
| 16:44 | Create | Villager (Male) |
| 16:51 | Research | Bow Saw |
| 17:04 | Create | Villager (Male) |
| 17:05 | Create | Villager (Male) |
| 17:11 | Build | Farm |
| 17:15 | Build | Farm |
| 17:18 | Build | Farm |
| 17:56 | Build | Farm |
| 17:56 | Build | Farm |
| 18:01 | Create | Villager (Male) |
| 18:39 | Create | Villager (Male) |
| 18:50 | Create | Villager (Male) |
| 18:50 | Create | Villager (Male) |
| 19:21 | Build | Castle |
| 20:08 | Create | Villager (Male) |
| 20:08 | Create | Villager (Male) |
| 20:08 | Create | Villager (Male) |
| 20:26 | Create | Villager (Male) |
| 20:49 | Build | Farm |
| 20:49 | Build | Farm |
| 20:50 | Build | Farm |
| 20:50 | Build | Farm |
| 21:04 | Create | Villager (Male) |
| 21:17 | Create | Unit 1908 |
| 21:37 | Create | Villager (Male) |
| 21:52 | Build | Mill |
| 21:54 | Build | Farm |
| 21:54 | Build | Farm |
| 21:54 | Build | Farm |
| 21:54 | Build | Farm |
| 21:55 | Build | Farm |
| 21:56 | Build | Farm |
| 21:56 | Build | Farm |
| 22:26 | Create | Unit 1908 |
| 22:45 | Create | Unit 1908 |
| 23:04 | Build | Farm |
| 23:09 | Create | Villager (Male) |
| 23:18 | Create | Villager (Male) |
| 23:19 | Create | Villager (Male) |
| 23:41 | Create | Villager (Male) |
| 23:42 | Create | Villager (Male) |
| 23:54 | Build | Mill |
| 23:58 | Create | Villager (Male) |
| 23:59 | Create | Villager (Male) |
| 23:59 | Create | Villager (Male) |
| 24:10 | Create | Unit 1908 |
| 24:28 | Build | Farm |
| 24:31 | Create | Villager (Male) |
| 24:31 | Create | Villager (Male) |
| 24:36 | Build | House |
| 24:39 | Build | House |
| 24:42 | Build | House |
| 24:45 | Create | Villager (Male) |
| 24:46 | Create | Villager (Male) |
| 24:59 | Create | Unit 1908 |
| 25:05 | Create | Villager (Male) |
| 25:30 | Create | Villager (Male) |
| 25:30 | Create | Villager (Male) |
| 25:42 | Build | University |
| 25:50 | Create | Villager (Male) |
| 25:50 | Create | Villager (Male) |
| 25:56 | Create | Unit 1908 |
| 26:09 | Create | Villager (Male) |
| 26:09 | Create | Villager (Male) |
| 26:35 | Create | Villager (Male) |
| 26:35 | Create | Villager (Male) |
| 27:16 | Create | Villager (Male) |
| 27:16 | Create | Villager (Male) |
| 27:17 | Create | Villager (Male) |
| 27:17 | Create | Villager (Male) |
| 27:38 | Create | Unit 1908 |
| 28:05 | Research | Murder Holes |
| 28:13 | Build | Farm |
| 28:13 | Build | Farm |
| 28:14 | Build | Farm |
| 28:14 | Build | Farm |
| 28:19 | Build | Farm |
| 28:20 | Build | Farm |
| 28:20 | Build | Farm |
| 28:20 | Build | Farm |
| 28:38 | Create | Villager (Male) |
| 28:39 | Create | Villager (Male) |
| 28:39 | Create | Villager (Male) |
| 29:23 | Build | Barracks |
| 29:31 | Create | Villager (Male) |
| 29:34 | Create | Villager (Male) |
| 30:09 | Build | Stable |
| 30:12 | Create | Villager (Male) |
| 30:13 | Create | Villager (Male) |
| 30:13 | Create | Villager (Male) |
| 30:13 | Create | Villager (Male) |
| 30:13 | Create | Villager (Male) |
| 30:31 | Build | Mining Camp |
| 30:44 | Research | Bloodlines |
| 30:44 | Research | Husbandry |
Build order — chekopg_1110
First 150 of 368 actions detected
| 0:03 | Build | House |
| 0:04 | Create | Villager (Male) ×4 |
| 0:06 | Build | House |
| 1:16 | Create | Villager (Male) |
| 1:16 | Create | Villager (Male) |
| 1:30 | Create | Villager (Male) |
| 1:31 | Create | Villager (Male) |
| 2:17 | Create | Villager (Male) |
| 2:18 | Create | Villager (Male) |
| 2:53 | Create | Villager (Male) |
| 2:53 | Create | Villager (Male) |
| 2:54 | Create | Villager (Male) |
| 3:23 | Create | Villager (Male) |
| 3:23 | Create | Villager (Male) |
| 3:31 | Build | House |
| 3:32 | Build | House |
| 3:34 | Build | House |
| 3:35 | Build | House |
| 3:38 | Create | Villager (Male) |
| 4:08 | Create | Villager (Male) ×2 |
| 4:09 | Create | Villager (Male) ×2 |
| 4:38 | Create | Villager (Male) |
| 4:54 | Create | Villager (Male) |
| 5:25 | Build | House |
| 5:49 | Build | House |
| 5:50 | Build | House |
| 5:55 | Create | Villager (Male) |
| 5:55 | Create | Villager (Male) |
| 6:16 | Create | Villager (Male) |
| 6:16 | Create | Villager (Male) |
| 6:47 | Build | Mill |
| 7:28 | Create | Villager (Male) ×5 |
| 7:29 | Create | Villager (Male) ×5 |
| 7:29 | Create | Villager (Male) ×3 |
| 8:06 | Build | Lumber Camp |
| 8:12 | Create | Villager (Male) ×5 |
| 8:13 | Create | Villager (Male) ×2 |
| 8:13 | Create | Villager (Male) ×2 |
| 9:01 | Build | Mill |
| 10:21 | Build | Farm |
| 10:24 | Build | Farm |
| 10:25 | Build | Farm |
| 10:27 | Build | Farm |
| 10:29 | Build | Farm |
| 10:38 | Build | Mining Camp |
| 11:00 | Research | Feudal Age |
| 11:08 | Build | Farm |
| 11:11 | Build | Farm |
| 11:13 | Build | Farm |
| 11:14 | Build | Farm |
| 11:17 | Build | Farm |
| 12:15 | Create | Villager (Male) ×5 |
| 13:02 | Build | Barracks |
| 13:29 | Age | Feudal Age |
| 13:34 | Build | Blacksmith |
| 13:41 | Research | Horse Collar |
| 13:58 | Build | Farm |
| 13:59 | Build | Farm |
| 14:22 | Build | Farm |
| 14:33 | Build | Stable |
| 14:43 | Research | Double-Bit Axe |
| 14:54 | Build | Farm |
| 15:19 | Build | Farm |
| 15:28 | Research | Castle Age |
| 15:32 | Build | House |
| 15:33 | Build | House |
| 15:35 | Build | House |
| 15:41 | Research | Gold Mining |
| 15:50 | Research | Bloodlines |
| 16:24 | Research | Scale Barding Armor |
| 17:04 | Create | Villager (Male) |
| 17:04 | Create | Villager (Male) |
| 17:07 | Research | Forging |
| 17:44 | Create | Villager (Male) |
| 17:45 | Create | Villager (Male) |
| 17:50 | Create | Villager (Male) |
| 18:14 | Age | Castle Age |
| 18:19 | Build | Town Center |
| 18:42 | Build | Town Center |
| 19:00 | Create | Camel Scout ×4 |
| 19:17 | Create | Villager (Male) ×5 |
| 19:23 | Research | Heavy Plow |
| 19:24 | Research | Bow Saw |
| 19:30 | Build | Farm |
| 19:32 | Build | Farm |
| 19:42 | Create | Villager (Male) |
| 19:42 | Create | Villager (Male) |
| 19:43 | Create | Villager (Male) |
| 19:51 | Create | Villager (Male) |
| 19:58 | Create | Villager (Male) |
| 20:04 | Build | Farm |
| 20:55 | Create | Villager (Male) |
| 20:55 | Create | Villager (Male) |
| 21:01 | Create | Villager (Male) |
| 21:01 | Create | Villager (Male) |
| 21:03 | Create | Villager (Male) |
| 21:03 | Create | Villager (Male) |
| 21:04 | Create | Villager (Male) |
| 21:04 | Create | Villager (Male) |
| 21:06 | Build | Farm |
| 21:09 | Build | Farm |
| 21:27 | Create | Villager (Male) |
| 21:27 | Create | Villager (Male) |
| 21:28 | Create | Villager (Male) |
| 21:28 | Create | Villager (Male) |
| 22:13 | Build | Farm |
| 22:17 | Create | Villager (Male) |
| 22:17 | Create | Villager (Male) |
| 22:18 | Create | Villager (Male) |
| 22:18 | Create | Villager (Male) |
| 22:19 | Create | Villager (Male) |
| 22:19 | Create | Villager (Male) |
| 22:20 | Create | Villager (Male) |
| 22:20 | Create | Villager (Male) |
| 22:20 | Create | Villager (Male) |
| 22:31 | Create | Villager (Male) |
| 22:31 | Create | Villager (Male) |
| 22:33 | Create | Villager (Male) |
| 22:33 | Create | Villager (Male) |
| 22:46 | Build | Town Center |
| 23:01 | Build | Monastery |
| 23:08 | Create | Villager (Male) |
| 23:09 | Create | Villager (Male) |
| 23:09 | Create | Villager (Male) |
| 23:10 | Create | Villager (Male) |
| 23:26 | Create | Monk |
| 23:34 | Build | Farm |
| 23:37 | Build | House |
| 23:38 | Build | House |
| 23:40 | Build | House |
| 23:41 | Build | House |
| 23:44 | Create | Villager (Male) |
| 23:45 | Create | Villager (Male) |
| 23:45 | Create | Villager (Male) |
| 23:49 | Create | Villager (Male) |
| 23:50 | Create | Villager (Male) |
| 23:50 | Create | Villager (Male) |
| 23:59 | Create | Villager (Male) |
| 24:09 | Research | Fervor |
| 24:51 | Research | Loom |
| 24:53 | Create | Villager (Male) |
| 24:53 | Create | Villager (Male) |
| 24:53 | Create | Villager (Male) |
| 24:54 | Create | Villager (Male) |
| 24:54 | Create | Villager (Male) |
| 24:56 | Create | Villager (Male) |
| 24:56 | Create | Villager (Male) |
| 24:57 | Create | Villager (Male) |
| 24:58 | Create | Villager (Male) |
| 24:58 | Create | Villager (Male) |
Build order — Azom
First 150 of 389 actions detected
| 0:02 | Create | Villager (Male) |
| 0:02 | Create | Villager (Male) |
| 0:04 | Build | House |
| 0:10 | Build | House |
| 0:17 | Create | Villager (Male) |
| 0:18 | Create | Villager (Male) |
| 1:36 | Create | Villager (Male) |
| 1:37 | Create | Villager (Male) |
| 2:11 | Create | Villager (Male) |
| 2:12 | Create | Villager (Male) |
| 2:55 | Create | Villager (Male) |
| 2:56 | Create | Villager (Male) |
| 3:02 | Create | Villager (Male) |
| 3:21 | Create | Villager (Male) |
| 3:21 | Create | Villager (Male) |
| 3:59 | Build | House |
| 4:00 | Build | House |
| 4:00 | Build | House |
| 4:28 | Create | Villager (Male) |
| 4:29 | Create | Villager (Male) |
| 4:46 | Create | Villager (Male) |
| 5:29 | Create | Villager (Male) |
| 5:33 | Create | Villager (Male) |
| 5:48 | Build | Mill |
| 5:53 | Create | Villager (Male) |
| 6:04 | Create | Villager (Male) |
| 6:37 | Build | Lumber Camp |
| 6:39 | Create | Villager (Male) |
| 7:25 | Build | Mill |
| 7:33 | Create | Villager (Male) |
| 8:16 | Create | Villager (Male) |
| 8:23 | Build | Mining Camp |
| 8:32 | Create | Villager (Male) |
| 9:06 | Create | Villager (Male) |
| 9:34 | Research | Feudal Age |
| 9:34 | Research | Feudal Age |
| 9:35 | Research | Feudal Age |
| 10:50 | Create | Villager (Male) |
| 10:50 | Create | Villager (Male) |
| 11:29 | Create | Villager (Male) |
| 11:29 | Create | Villager (Male) |
| 11:44 | Age | Feudal Age |
| 12:03 | Build | Farm |
| 12:04 | Build | Farm |
| 12:06 | Build | Farm |
| 12:07 | Build | Farm |
| 12:16 | Build | Farm |
| 12:18 | Build | Farm |
| 12:19 | Build | Farm |
| 12:20 | Build | Farm |
| 12:34 | Create | Villager (Male) |
| 12:34 | Create | Villager (Male) |
| 12:42 | Create | Villager (Male) |
| 13:00 | Build | Blacksmith |
| 13:21 | Build | Market |
| 13:41 | Create | Villager (Male) |
| 13:48 | Build | Blacksmith |
| 13:59 | Research | Town Watch |
| 14:26 | Research | Castle Age |
| 14:26 | Research | Castle Age |
| 14:26 | Research | Castle Age |
| 15:04 | Research | Double-Bit Axe |
| 15:05 | Research | Double-Bit Axe |
| 15:13 | Research | Horse Collar |
| 15:13 | Research | Horse Collar |
| 15:33 | Build | House |
| 15:34 | Build | House |
| 16:06 | Research | Loom |
| 16:44 | Create | Villager (Male) |
| 16:44 | Create | Villager (Male) |
| 16:58 | Build | Outpost |
| 17:02 | Build | Palisade Wall |
| 17:02 | Build | Palisade Wall |
| 17:03 | Build | Palisade Wall |
| 17:03 | Build | Palisade Wall |
| 17:06 | Age | Castle Age |
| 17:07 | Create | Villager (Male) |
| 17:25 | Build | Siege Workshop |
| 17:45 | Build | Farm |
| 17:48 | Create | Villager (Male) |
| 17:52 | Build | Farm |
| 17:53 | Build | Farm |
| 18:11 | Create | Battering Ram |
| 18:25 | Create | Villager (Male) |
| 18:29 | Build | Farm |
| 18:32 | Build | Farm |
| 18:33 | Build | Farm |
| 18:55 | Build | Barracks |
| 19:14 | Research | Bow Saw |
| 19:16 | Create | Battering Ram |
| 19:21 | Create | Villager (Male) |
| 19:34 | Create | Villager (Male) |
| 19:36 | Create | Militia |
| 19:43 | Build | Barracks |
| 19:58 | Create | Villager (Male) |
| 20:01 | Create | Militia |
| 20:05 | Create | Villager (Male) |
| 20:16 | Create | Villager (Male) |
| 20:21 | Build | Farm |
| 20:23 | Build | Farm |
| 20:30 | Build | Farm |
| 20:34 | Create | Militia |
| 20:43 | Build | House |
| 20:45 | Build | House |
| 20:48 | Create | Militia |
| 20:58 | Create | Battering Ram |
| 20:59 | Create | Militia |
| 21:02 | Research | Scale Mail Armor |
| 21:03 | Create | Villager (Male) |
| 21:06 | Build | House |
| 21:09 | Create | Militia |
| 21:11 | Create | Militia |
| 21:24 | Create | Battering Ram |
| 21:26 | Create | Militia |
| 21:29 | Research | Chain Mail Armor |
| 21:45 | Create | Militia |
| 21:48 | Research | Forging |
| 21:51 | Build | House |
| 21:54 | Create | Villager (Male) |
| 21:59 | Create | Militia |
| 22:05 | Create | Battering Ram |
| 22:07 | Create | Militia |
| 22:08 | Create | Militia |
| 22:10 | Create | Villager (Male) |
| 22:14 | Build | Farm |
| 22:15 | Build | Farm |
| 22:26 | Create | Militia |
| 22:26 | Create | Militia |
| 22:31 | Create | Villager (Male) |
| 22:38 | Build | House |
| 22:45 | Build | Farm |
| 22:54 | Build | Farm |
| 22:54 | Build | Farm |
| 22:54 | Build | Farm |
| 22:56 | Build | Farm |
| 23:00 | Create | Villager (Male) |
| 23:01 | Create | Militia |
| 23:02 | Create | Militia |
| 23:12 | Create | Villager (Male) |
| 23:33 | Build | Farm |
| 23:34 | Build | Farm |
| 23:37 | Create | Militia |
| 23:37 | Create | Militia |
| 23:47 | Build | Farm |
| 23:50 | Create | Militia |
| 23:50 | Create | Militia |
| 23:55 | Build | House |
| 24:07 | Build | Farm |
| 24:10 | Create | Militia |
| 24:15 | Create | Villager (Male) |
Build order — Morgoth Bauglir
First 150 of 367 actions detected
| 0:02 | Create | Villager (Male) ×4 |
| 0:03 | Build | House |
| 0:06 | Build | House |
| 1:26 | Create | Villager (Male) |
| 1:26 | Create | Villager (Male) |
| 1:50 | Build | Lumber Camp |
| 1:59 | Build | Lumber Camp |
| 2:10 | Create | Villager (Male) |
| 2:10 | Create | Villager (Male) |
| 2:30 | Create | Villager (Male) |
| 2:30 | Create | Villager (Male) |
| 2:55 | Research | Loom |
| 2:55 | Create | Villager (Male) |
| 3:13 | Create | Villager (Male) |
| 3:14 | Create | Villager (Male) |
| 3:58 | Create | Villager (Male) |
| 3:58 | Create | Villager (Male) |
| 4:03 | Build | House |
| 4:37 | Build | Mill |
| 4:55 | Create | Villager (Male) |
| 5:08 | Create | Villager (Male) |
| 5:17 | Create | Villager (Male) |
| 5:27 | Create | Villager (Male) |
| 5:27 | Create | Villager (Male) |
| 6:09 | Create | Villager (Male) |
| 6:25 | Build | House |
| 6:40 | Create | Villager (Male) |
| 7:20 | Build | Mining Camp |
| 7:22 | Create | Villager (Male) |
| 8:01 | Create | Villager (Male) |
| 8:01 | Create | Villager (Male) |
| 8:05 | Build | House |
| 8:21 | Create | Villager (Male) |
| 8:59 | Build | Lumber Camp |
| 9:03 | Create | Villager (Male) |
| 9:04 | Create | Villager (Male) |
| 9:24 | Create | Villager (Male) |
| 9:41 | Research | Feudal Age |
| 9:50 | Build | Mining Camp |
| 10:39 | Build | Farm |
| 10:52 | Create | Villager (Male) |
| 10:52 | Create | Villager (Male) |
| 12:16 | Age | Feudal Age |
| 12:18 | Build | Market |
| 12:23 | Build | Blacksmith |
| 13:21 | Research | Castle Age |
| 14:03 | Build | Donjon |
| 14:25 | Build | Farm |
| 14:25 | Build | Farm |
| 14:25 | Build | Farm |
| 14:30 | Build | Farm |
| 14:30 | Build | Farm |
| 14:41 | Research | Forging |
| 14:44 | Research | Scale Mail Armor |
| 15:01 | Create | Serjeant |
| 15:01 | Create | Serjeant |
| 15:16 | Build | Donjon |
| 15:34 | Create | Serjeant |
| 15:38 | Build | House |
| 15:40 | Build | House |
| 16:01 | Build | Donjon |
| 16:01 | Age | Castle Age |
| 16:03 | Create | Serjeant |
| 16:07 | Create | Villager (Male) |
| 16:12 | Build | House |
| 16:13 | Build | House |
| 16:23 | Create | Serjeant |
| 16:44 | Build | Farm |
| 16:46 | Build | Farm |
| 17:04 | Create | Serjeant |
| 17:05 | Create | Serjeant |
| 17:14 | Build | Farm |
| 17:46 | Create | Serjeant |
| 17:46 | Create | Serjeant |
| 18:05 | Create | Serjeant |
| 18:05 | Create | Serjeant |
| 18:20 | Create | Villager (Male) |
| 18:30 | Build | Farm |
| 18:47 | Create | Villager (Male) |
| 18:55 | Build | House |
| 19:00 | Build | House |
| 19:01 | Build | House |
| 19:08 | Create | Serjeant |
| 19:08 | Create | Serjeant |
| 19:32 | Build | Donjon |
| 20:37 | Research | Pikeman (upgrade) |
| 20:38 | Create | Serjeant |
| 20:42 | Create | Serjeant |
| 20:43 | Create | Serjeant |
| 21:16 | Create | Serjeant |
| 21:22 | Build | Donjon |
| 21:27 | Create | Villager (Male) |
| 21:32 | Build | Town Center |
| 21:35 | Create | Villager (Male) |
| 22:35 | Create | Villager (Male) |
| 22:35 | Create | Villager (Male) |
| 22:45 | Research | Horse Collar |
| 22:48 | Build | Farm |
| 22:48 | Build | Farm |
| 22:49 | Build | Farm |
| 22:49 | Build | Farm |
| 22:54 | Build | Town Center |
| 23:04 | Create | Villager (Male) |
| 23:04 | Create | Villager (Male) |
| 23:04 | Create | Villager (Male) |
| 23:38 | Build | Farm |
| 23:39 | Create | Villager (Male) |
| 23:49 | Create | Villager (Male) |
| 24:20 | Create | Villager (Male) |
| 24:25 | Create | Villager (Male) |
| 24:32 | Research | Fletching |
| 24:44 | Build | Donjon |
| 24:55 | Create | Villager (Male) |
| 25:24 | Create | Villager (Male) |
| 25:33 | Build | Farm |
| 25:33 | Build | Farm |
| 25:33 | Build | Farm |
| 25:33 | Build | Farm |
| 25:33 | Build | Farm |
| 25:35 | Build | Farm |
| 25:38 | Research | Double-Bit Axe |
| 25:38 | Research | Double-Bit Axe |
| 26:23 | Build | Donjon |
| 26:37 | Create | Serjeant ×5 |
| 26:38 | Create | Spearman |
| 26:39 | Create | Spearman |
| 26:40 | Create | Villager (Male) |
| 26:41 | Create | Villager (Male) |
| 26:47 | Build | Farm |
| 26:48 | Build | Farm |
| 27:07 | Create | Spearman |
| 27:07 | Create | Spearman |
| 27:07 | Create | Spearman |
| 27:28 | Create | Spearman ×5 |
| 27:28 | Create | Spearman ×5 |
| 27:39 | Create | Villager (Male) |
| 27:39 | Create | Villager (Male) |
| 27:44 | Build | Farm |
| 27:45 | Build | Farm |
| 28:05 | Build | House |
| 28:06 | Build | House |
| 28:07 | Create | Villager (Male) |
| 28:07 | Create | Villager (Male) |
| 28:08 | Create | Villager (Male) |
| 28:19 | Create | Villager (Male) |
| 28:20 | Create | Villager (Male) |
| 28:20 | Create | Villager (Male) |
| 28:34 | Create | Spearman |
| 28:34 | Create | Spearman |
| 29:01 | Create | Serjeant ×4 |
Build order — dinbsty ascenci
First 150 of 432 actions detected
| 0:01 | Create | Villager (Male) |
| 0:03 | Build | House |
| 0:04 | Build | House |
| 0:06 | Build | House |
| 0:31 | Create | Villager (Male) |
| 0:31 | Create | Villager (Male) |
| 0:31 | Create | Villager (Male) |
| 1:35 | Create | Villager (Male) |
| 2:04 | Create | Villager (Male) |
| 2:04 | Create | Villager (Male) |
| 2:24 | Create | Villager (Male) |
| 3:02 | Create | Villager (Male) |
| 3:03 | Create | Villager (Male) |
| 3:38 | Build | Mule Cart |
| 3:41 | Create | Villager (Male) |
| 4:34 | Create | Villager (Male) |
| 4:46 | Create | Villager (Male) |
| 5:13 | Create | Villager (Male) |
| 5:37 | Create | Villager (Male) |
| 5:38 | Create | Villager (Male) |
| 6:00 | Build | Mill |
| 6:22 | Create | Villager (Male) |
| 6:34 | Build | House |
| 6:44 | Create | Villager (Male) |
| 6:44 | Create | Villager (Male) |
| 6:44 | Create | Villager (Male) |
| 6:59 | Create | Villager (Male) |
| 6:59 | Create | Villager (Male) |
| 7:00 | Create | Villager (Male) |
| 7:31 | Build | House |
| 7:32 | Build | House |
| 7:41 | Create | Villager (Male) |
| 7:46 | Build | House |
| 9:09 | Research | Feudal Age |
| 9:20 | Build | Farm |
| 9:20 | Build | Farm |
| 9:21 | Build | Farm |
| 9:22 | Build | Farm |
| 9:22 | Build | Farm |
| 9:23 | Build | Farm |
| 12:01 | Create | Villager (Male) |
| 12:02 | Create | Villager (Male) |
| 12:02 | Create | Villager (Male) |
| 12:15 | Research | Double-Bit Axe |
| 12:19 | Research | Horse Collar |
| 12:41 | Build | Blacksmith |
| 12:49 | Build | Market |
| 12:59 | Build | Market |
| 13:21 | Research | Loom |
| 13:30 | Build | House |
| 13:31 | Build | House |
| 13:33 | Build | House |
| 13:33 | Build | House |
| 13:38 | Create | Villager (Male) |
| 14:02 | Build | Mule Cart |
| 14:11 | Research | Castle Age |
| 15:00 | Build | Farm |
| 15:17 | Build | Farm |
| 15:18 | Build | Farm |
| 15:19 | Build | Farm |
| 15:20 | Build | Farm |
| 15:21 | Build | Farm |
| 16:29 | Create | Villager (Male) |
| 16:29 | Create | Villager (Male) |
| 16:55 | Research | Bow Saw |
| 17:00 | Build | Town Center |
| 17:02 | Create | Villager (Male) |
| 17:03 | Create | Villager (Male) |
| 17:33 | Create | Villager (Male) |
| 17:40 | Build | Barracks |
| 17:48 | Research | Gold Mining |
| 18:26 | Create | Villager (Male) |
| 18:36 | Build | Stable |
| 18:42 | Build | Stable |
| 18:52 | Research | Scale Barding Armor |
| 18:57 | Research | Wheelbarrow |
| 19:05 | Create | Knight |
| 19:05 | Create | Knight |
| 19:17 | Build | Farm |
| 19:23 | Create | Villager (Male) |
| 19:34 | Create | Knight |
| 19:49 | Build | Farm |
| 19:50 | Build | Farm |
| 19:55 | Create | Knight |
| 19:55 | Create | Knight |
| 20:29 | Research | Bloodlines |
| 20:31 | Research | Forging |
| 20:42 | Build | Farm |
| 20:43 | Build | Farm |
| 20:43 | Build | Farm |
| 20:43 | Build | Farm |
| 20:43 | Build | Farm |
| 21:35 | Research | Iron Casting |
| 22:20 | Create | Villager (Male) |
| 22:21 | Create | Villager (Male) |
| 22:21 | Create | Villager (Male) |
| 22:21 | Create | Villager (Male) |
| 22:27 | Build | Farm |
| 22:27 | Build | Farm |
| 22:28 | Build | Farm |
| 22:28 | Build | Farm |
| 22:44 | Create | Villager (Male) |
| 22:44 | Create | Villager (Male) |
| 22:44 | Create | Villager (Male) |
| 22:44 | Create | Villager (Male) |
| 22:58 | Build | Castle |
| 23:08 | Build | House |
| 23:10 | Build | House |
| 23:13 | Build | House |
| 23:26 | Create | Villager (Male) |
| 23:27 | Create | Villager (Male) |
| 23:27 | Create | Villager (Male) |
| 23:27 | Create | Villager (Male) |
| 23:44 | Build | Farm |
| 23:46 | Research | Heavy Plow |
| 23:57 | Build | Farm |
| 23:57 | Build | Farm |
| 23:58 | Build | Farm |
| 24:02 | Create | Villager (Male) |
| 24:04 | Create | Villager (Male) |
| 24:05 | Create | Villager (Male) |
| 24:14 | Create | Knight |
| 24:16 | Create | Knight |
| 24:29 | Create | Knight |
| 24:53 | Create | Knight |
| 24:53 | Create | Knight |
| 25:24 | Create | Knight |
| 25:24 | Create | Knight |
| 25:31 | Build | Farm |
| 25:34 | Research | Hand Cart |
| 25:39 | Create | Villager (Male) |
| 26:18 | Research | Chain Barding Armor |
| 26:23 | Create | Knight |
| 26:23 | Create | Knight |
| 26:29 | Create | Villager (Male) |
| 26:29 | Create | Villager (Male) |
| 26:30 | Create | Villager (Male) |
| 26:30 | Create | Villager (Male) |
| 26:30 | Create | Villager (Male) |
| 26:30 | Create | Villager (Male) |
| 27:19 | Create | Monaspa |
| 27:51 | Build | Siege Workshop |
| 28:01 | Create | Villager (Male) |
| 28:01 | Create | Villager (Male) |
| 28:02 | Create | Villager (Male) |
| 28:02 | Create | Villager (Male) |
| 28:02 | Create | Villager (Male) |
| 28:02 | Create | Villager (Male) |
| 28:03 | Create | Villager (Male) |
| 28:03 | Create | Villager (Male) |
Build order — Beck
First 150 of 327 actions detected
| 0:03 | Build | House |
| 0:04 | Build | House |
| 0:05 | Create | Villager (Male) |
| 0:05 | Create | Villager (Male) |
| 0:05 | Create | Villager (Male) |
| 0:05 | Create | Villager (Male) |
| 0:05 | Create | Villager (Male) |
| 1:37 | Create | Villager (Male) |
| 1:37 | Create | Villager (Male) |
| 1:52 | Build | Lumber Camp |
| 2:05 | Create | Villager (Male) |
| 2:26 | Create | Villager (Male) |
| 3:07 | Create | Villager (Male) |
| 3:36 | Build | House |
| 3:40 | Create | Villager (Male) |
| 3:40 | Create | Villager (Male) |
| 3:45 | Create | Villager (Male) |
| 3:45 | Create | Villager (Male) |
| 4:14 | Build | Mill |
| 4:20 | Create | Villager (Male) |
| 4:20 | Create | Villager (Male) |
| 4:58 | Create | Villager (Male) |
| 4:58 | Create | Villager (Male) |
| 5:17 | Create | Villager (Male) |
| 5:17 | Create | Villager (Male) |
| 5:27 | Create | Villager (Male) |
| 5:44 | Build | House |
| 6:04 | Create | Villager (Male) |
| 6:05 | Create | Villager (Male) |
| 6:14 | Create | Villager (Male) |
| 7:07 | Build | Mining Camp |
| 7:19 | Create | Villager (Male) |
| 7:22 | Create | Villager (Male) |
| 7:22 | Research | Loom |
| 7:44 | Build | House |
| 8:55 | Research | Feudal Age |
| 8:56 | Research | Feudal Age |
| 9:23 | Create | Villager (Male) |
| 10:22 | Build | Farm |
| 10:46 | Build | Farm |
| 11:05 | Age | Feudal Age |
| 11:10 | Build | Market |
| 11:17 | Build | Blacksmith |
| 11:27 | Create | Villager (Male) |
| 11:46 | Create | Villager (Male) |
| 12:16 | Build | Farm |
| 12:18 | Build | Farm |
| 12:21 | Create | Villager (Male) |
| 12:39 | Build | House |
| 12:48 | Research | Castle Age |
| 12:48 | Research | Castle Age |
| 12:55 | Build | House |
| 14:14 | Create | Villager (Male) |
| 14:29 | Create | Villager (Male) |
| 14:32 | Create | Villager (Male) |
| 14:34 | Research | Double-Bit Axe |
| 15:01 | Research | Horse Collar |
| 15:04 | Build | Farm |
| 15:05 | Create | Villager (Male) |
| 15:28 | Age | Castle Age |
| 15:34 | Build | Siege Workshop |
| 15:42 | Build | Farm |
| 15:52 | Create | Villager (Male) |
| 16:17 | Create | Battering Ram |
| 16:33 | Build | House |
| 16:35 | Create | Villager (Male) |
| 16:45 | Build | Farm |
| 16:58 | Create | Battering Ram |
| 17:24 | Create | Villager (Male) |
| 17:37 | Create | Villager (Male) |
| 17:47 | Build | Barracks |
| 17:48 | Create | Villager (Male) |
| 17:53 | Build | Farm |
| 17:58 | Build | Farm |
| 18:00 | Create | Villager (Male) |
| 18:32 | Create | Villager (Male) |
| 18:40 | Create | Battering Ram |
| 18:42 | Create | Mangonel |
| 18:44 | Create | Villager (Male) |
| 19:21 | Create | Villager (Male) |
| 19:31 | Create | Battering Ram |
| 19:33 | Create | Villager (Male) |
| 19:47 | Build | House |
| 19:48 | Build | House |
| 19:51 | Create | Villager (Male) |
| 19:56 | Build | Farm |
| 20:43 | Create | Villager (Male) |
| 21:09 | Create | Villager (Male) |
| 21:14 | Build | House |
| 21:15 | Create | Villager (Male) |
| 21:19 | Research | Forging |
| 21:22 | Research | Pikeman (upgrade) |
| 21:22 | Research | Gambesons |
| 21:23 | Research | Squires |
| 21:26 | Build | Barracks |
| 21:32 | Build | Farm |
| 22:04 | Create | Spearman |
| 22:04 | Create | Spearman |
| 22:05 | Create | Spearman |
| 22:06 | Create | Spearman |
| 22:10 | Build | Farm |
| 22:11 | Create | Villager (Male) |
| 22:16 | Build | Farm |
| 22:18 | Build | Farm |
| 22:36 | Create | Villager (Male) |
| 22:42 | Research | Gambesons |
| 22:43 | Research | Squires |
| 22:54 | Build | Barracks |
| 22:57 | Create | Villager (Male) |
| 23:02 | Build | Town Center |
| 23:24 | Research | Scale Mail Armor |
| 23:28 | Build | Farm |
| 23:39 | Build | Farm |
| 23:43 | Create | Villager (Male) |
| 24:10 | Create | Battering Ram |
| 24:13 | Create | Spearman |
| 24:15 | Create | Villager (Male) |
| 24:20 | Build | Farm |
| 24:22 | Create | Villager (Male) |
| 24:24 | Create | Villager (Male) |
| 24:33 | Build | House |
| 24:47 | Create | Villager (Male) |
| 24:50 | Build | Farm |
| 24:54 | Build | Farm |
| 24:55 | Create | Villager (Male) |
| 25:01 | Research | Gold Mining |
| 25:12 | Create | Battering Ram |
| 25:23 | Build | House |
| 25:23 | Create | Villager (Male) |
| 25:25 | Create | Villager (Male) |
| 25:33 | Build | Farm |
| 25:52 | Build | Siege Workshop |
| 25:59 | Create | Spearman ×2 |
| 25:59 | Create | Villager (Male) |
| 26:09 | Research | Bow Saw |
| 26:15 | Build | Farm |
| 26:32 | Build | House |
| 26:59 | Create | Spearman ×5 |
| 27:15 | Research | Iron Casting |
| 27:18 | Create | Villager (Male) |
| 27:20 | Build | Farm |
| 27:25 | Create | Spearman |
| 27:28 | Build | Barracks |
| 27:55 | Create | Villager (Male) |
| 27:57 | Create | Villager (Male) |
| 27:59 | Build | Farm |
| 28:04 | Research | Wheelbarrow |
| 28:18 | Build | Barracks |
| 28:27 | Create | Villager (Male) |
| 28:28 | Create | Villager (Male) |
Build order — joaopessoense
First 150 of 468 actions detected
| 0:01 | Create | Villager (Male) |
| 0:01 | Create | Villager (Male) |
| 0:01 | Create | Villager (Male) |
| 0:02 | Create | Villager (Male) |
| 0:03 | Build | House |
| 0:17 | Research | Loom |
| 0:36 | Build | House |
| 1:16 | Build | House |
| 1:17 | Build | House |
| 1:18 | Build | House |
| 1:20 | Build | House |
| 1:25 | Create | Villager (Male) |
| 2:05 | Create | Villager (Male) |
| 2:34 | Create | Villager (Male) |
| 3:10 | Create | Villager (Male) |
| 3:27 | Create | Villager (Male) |
| 4:01 | Create | Villager (Male) |
| 4:11 | Build | Lumber Camp |
| 4:25 | Create | Villager (Male) |
| 4:43 | Create | Villager (Male) |
| 5:13 | Create | Villager (Male) |
| 5:43 | Create | Villager (Male) |
| 6:18 | Create | Villager (Male) |
| 6:25 | Build | Mill |
| 6:28 | Create | Villager (Male) |
| 6:29 | Create | Villager (Male) |
| 7:14 | Create | Villager (Male) |
| 7:41 | Build | Mining Camp |
| 7:44 | Create | Villager (Male) |
| 7:59 | Create | Villager (Male) |
| 8:00 | Create | Villager (Male) |
| 8:00 | Create | Villager (Male) |
| 8:02 | Create | Villager (Male) |
| 9:33 | Research | Feudal Age |
| 12:12 | Create | Villager (Male) |
| 12:13 | Age | Feudal Age |
| 12:17 | Build | Market |
| 12:39 | Create | Villager (Male) |
| 12:44 | Build | Blacksmith |
| 12:58 | Build | Pasture |
| 13:13 | Research | Castle Age |
| 13:22 | Build | Pasture |
| 13:43 | Research | Double-Bit Axe |
| 14:33 | Research | Tech 1014 |
| 14:54 | Build | Pasture |
| 15:51 | Create | Villager (Male) |
| 15:53 | Age | Castle Age |
| 15:57 | Research | Tech 1013 |
| 16:00 | Build | Town Center |
| 16:18 | Build | Town Center |
| 16:20 | Create | Villager (Male) |
| 16:30 | Build | Pasture |
| 16:38 | Create | Villager (Male) |
| 17:03 | Build | House |
| 17:04 | Build | House |
| 17:06 | Build | House |
| 17:09 | Create | Villager (Male) |
| 17:16 | Build | Pasture |
| 17:35 | Create | Villager (Male) |
| 17:43 | Create | Villager (Male) |
| 17:46 | Create | Villager (Male) |
| 17:56 | Build | Pasture |
| 18:02 | Create | Villager (Male) |
| 18:02 | Create | Villager (Male) |
| 18:22 | Build | Pasture |
| 18:33 | Create | Villager (Male) |
| 18:34 | Create | Villager (Male) |
| 18:45 | Build | Pasture |
| 18:48 | Create | Villager (Male) |
| 18:58 | Build | Barracks |
| 19:01 | Create | Villager (Male) |
| 19:16 | Create | Villager (Male) |
| 19:20 | Build | Pasture |
| 19:33 | Create | Villager (Male) |
| 19:34 | Create | Villager (Male) |
| 19:45 | Build | Pasture |
| 19:55 | Create | Villager (Male) |
| 19:55 | Create | Villager (Male) |
| 19:56 | Create | Villager (Male) |
| 20:04 | Build | Archery Range |
| 20:07 | Build | Pasture |
| 20:22 | Research | Stone Mining |
| 20:24 | Create | Villager (Male) |
| 20:28 | Build | Pasture |
| 20:32 | Create | Villager (Male) |
| 20:37 | Create | Villager (Male) |
| 20:44 | Build | Pasture |
| 20:51 | Create | Villager (Male) |
| 20:52 | Create | Villager (Male) |
| 20:58 | Create | Villager (Male) |
| 21:01 | Create | Villager (Male) |
| 21:03 | Build | House |
| 21:07 | Build | Pasture |
| 21:12 | Create | Villager (Male) |
| 21:26 | Create | Villager (Male) |
| 21:26 | Create | Villager (Male) |
| 21:27 | Create | Villager (Male) |
| 21:33 | Build | Pasture |
| 21:40 | Build | House |
| 21:42 | Build | House |
| 21:54 | Create | Villager (Male) |
| 21:55 | Create | Villager (Male) |
| 21:56 | Create | Villager (Male) |
| 22:00 | Build | Pasture |
| 22:07 | Build | Pasture |
| 22:14 | Research | Bow Saw |
| 22:21 | Create | Villager (Male) |
| 22:22 | Create | Villager (Male) |
| 22:22 | Create | Villager (Male) |
| 22:29 | Research | Gold Mining |
| 22:36 | Build | Pasture |
| 22:49 | Create | Villager (Male) |
| 22:50 | Create | Villager (Male) |
| 22:50 | Create | Villager (Male) |
| 22:55 | Build | House |
| 22:56 | Build | House |
| 23:12 | Research | Wheelbarrow |
| 23:13 | Create | Villager (Male) |
| 23:13 | Create | Villager (Male) |
| 23:22 | Build | Pasture |
| 23:32 | Create | Villager (Male) |
| 23:33 | Create | Villager (Male) |
| 23:37 | Build | Pasture |
| 23:51 | Build | House |
| 23:52 | Build | House |
| 24:02 | Create | Villager (Male) |
| 24:03 | Create | Villager (Male) |
| 24:03 | Create | Villager (Male) |
| 24:20 | Build | Town Center |
| 24:34 | Create | Villager (Male) |
| 24:35 | Create | Villager (Male) |
| 24:35 | Create | Villager (Male) |
| 24:50 | Create | Villager (Male) |
| 24:52 | Create | Villager (Male) |
| 24:59 | Build | Castle |
| 25:07 | Research | Pikeman (upgrade) |
| 25:19 | Research | Hand Cart |
| 25:20 | Research | Town Watch |
| 25:21 | Create | Villager (Male) |
| 25:24 | Create | Spearman |
| 25:24 | Create | Spearman |
| 25:52 | Create | Villager (Male) |
| 25:53 | Create | Villager (Male) |
| 25:54 | Build | House |
| 25:55 | Build | House |
| 26:16 | Create | Spearman |
| 26:17 | Create | Spearman |
| 26:21 | Create | Villager (Male) |
| 26:22 | Create | Villager (Male) |
| 26:29 | Build | Pasture |
Build order — SrAbrazitos♡
First 150 of 310 actions detected
| 0:12 | Create | Villager (Male) |
| 0:12 | Create | Villager (Male) |
| 0:16 | Build | House |
| 0:53 | Create | Villager (Male) |
| 1:17 | Create | Villager (Male) |
| 1:39 | Create | Villager (Male) |
| 1:59 | Build | House |
| 2:44 | Create | Villager (Male) |
| 3:12 | Create | Villager (Male) |
| 3:53 | Create | Villager (Male) |
| 4:11 | Create | Villager (Male) |
| 4:38 | Build | Lumber Camp |
| 4:47 | Create | Villager (Male) |
| 5:25 | Create | Villager (Male) |
| 5:25 | Create | Villager (Male) |
| 5:44 | Build | House |
| 6:43 | Build | House |
| 6:46 | Create | Villager (Male) |
| 6:57 | Create | Villager (Male) |
| 7:26 | Create | Villager (Male) |
| 7:31 | Build | House |
| 7:49 | Create | Villager (Male) |
| 7:52 | Create | Villager (Male) |
| 8:01 | Build | Barracks |
| 8:23 | Build | Mill |
| 8:31 | Create | Villager (Male) |
| 9:24 | Build | Mill |
| 9:49 | Build | House |
| 9:59 | Create | Villager (Male) |
| 9:59 | Create | Villager (Male) |
| 10:10 | Build | House |
| 10:54 | Build | House |
| 10:59 | Research | Feudal Age |
| 11:12 | Build | Mining Camp |
| 13:09 | Age | Feudal Age |
| 13:13 | Research | Wheelbarrow |
| 13:15 | Research | Double-Bit Axe |
| 13:17 | Research | Horse Collar |
| 13:54 | Build | Blacksmith |
| 14:03 | Create | Villager (Male) |
| 14:04 | Create | Villager (Male) |
| 14:46 | Build | Farm |
| 14:50 | Build | Farm |
| 15:07 | Build | Farm |
| 15:16 | Build | Farm |
| 15:50 | Build | Mining Camp |
| 15:53 | Create | Villager (Male) |
| 15:53 | Create | Villager (Male) |
| 16:29 | Build | Market |
| 16:35 | Build | Farm |
| 16:49 | Build | Farm |
| 17:39 | Create | Villager (Male) |
| 17:42 | Create | Villager (Male) |
| 17:57 | Build | Farm |
| 18:04 | Build | Farm |
| 18:10 | Research | Castle Age |
| 19:05 | Build | House |
| 19:06 | Build | House |
| 19:07 | Build | House |
| 20:13 | Build | Stable |
| 20:36 | Research | Gold Mining |
| 20:37 | Research | Stone Mining |
| 20:50 | Age | Castle Age |
| 20:54 | Research | Scale Barding Armor |
| 20:54 | Research | Forging |
| 21:05 | Build | Town Center |
| 21:40 | Build | Town Center |
| 21:47 | Build | Mining Camp |
| 21:52 | Research | Hand Cart |
| 21:59 | Research | Hand Cart |
| 22:02 | Create | Villager (Male) |
| 22:02 | Create | Villager (Male) |
| 22:29 | Create | Villager (Male) |
| 22:43 | Build | Siege Workshop |
| 22:45 | Build | Siege Workshop |
| 22:59 | Build | Lumber Camp |
| 23:26 | Create | Villager (Male) |
| 23:26 | Create | Villager (Male) |
| 23:26 | Create | Villager (Male) |
| 23:45 | Build | Farm |
| 23:50 | Create | Villager (Male) |
| 23:50 | Create | Villager (Male) |
| 23:54 | Create | Villager (Male) |
| 23:54 | Create | Villager (Male) |
| 24:28 | Build | Siege Workshop |
| 24:33 | Create | Villager (Male) |
| 24:43 | Build | Farm |
| 24:46 | Research | Heavy Plow |
| 25:06 | Create | Villager (Male) |
| 25:09 | Build | Farm |
| 25:13 | Build | Farm |
| 25:19 | Create | Villager (Male) |
| 25:23 | Create | Villager (Male) |
| 25:54 | Create | Scorpion |
| 25:55 | Create | Scorpion |
| 25:57 | Create | Scorpion |
| 25:57 | Create | Scorpion |
| 26:15 | Create | Villager (Male) |
| 26:15 | Create | Villager (Male) |
| 26:18 | Create | Villager (Male) |
| 26:18 | Create | Villager (Male) |
| 26:19 | Create | Villager (Male) |
| 26:21 | Create | Villager (Male) |
| 26:22 | Create | Villager (Male) |
| 26:36 | Build | Town Center |
| 27:04 | Create | Scorpion |
| 27:05 | Create | Scorpion |
| 27:07 | Create | Scorpion |
| 27:08 | Create | Scorpion |
| 27:18 | Create | Villager (Male) |
| 27:26 | Build | Lumber Camp |
| 27:31 | Create | Villager (Male) |
| 27:39 | Build | Lumber Camp |
| 27:49 | Build | Lumber Camp |
| 28:00 | Create | Villager (Male) |
| 28:01 | Create | Villager (Male) |
| 28:07 | Research | Gold Shaft Mining |
| 28:24 | Build | Farm |
| 28:29 | Build | Farm |
| 28:35 | Build | Farm |
| 28:42 | Build | Farm |
| 28:47 | Build | Farm |
| 28:53 | Build | Farm |
| 28:58 | Build | Farm |
| 29:07 | Build | Farm |
| 29:17 | Build | Lumber Camp |
| 29:42 | Build | University |
| 29:48 | Build | Monastery |
| 29:54 | Create | Villager (Male) |
| 29:54 | Create | Villager (Male) |
| 30:02 | Build | House |
| 30:03 | Build | House |
| 30:04 | Build | House |
| 30:08 | Create | Villager (Male) |
| 30:08 | Create | Villager (Male) |
| 30:12 | Research | Bow Saw |
| 30:17 | Research | Town Watch |
| 30:27 | Create | Scorpion |
| 30:28 | Create | Scorpion |
| 30:28 | Create | Scorpion |
| 30:28 | Create | Scorpion |
| 31:22 | Build | House |
| 31:23 | Build | House |
| 31:51 | Build | Mining Camp |
| 31:59 | Research | Imperial Age |
| 32:12 | Create | Villager (Male) |
| 32:12 | Create | Villager (Male) |
| 32:12 | Create | Villager (Male) |
| 32:16 | Create | Villager (Male) |
| 32:16 | Create | Villager (Male) |
Match timeline
| 8:01 | SrAbrazitos♡ · first_building Barracks |
| 11:05 | Beck · age_up feudal |
| 11:17 | cuffneyj · age_up feudal |
| 11:44 | Azom · age_up feudal |
| 12:13 | joaopessoense · age_up feudal |
| 12:16 | Morgoth Bauglir · age_up feudal |
| 12:27 | Beck · first_market_buy 100 food |
| 13:02 | chekopg_1110 · first_building Barracks |
| 13:09 | SrAbrazitos♡ · age_up feudal |
| 13:12 | Morgoth Bauglir · first_market_buy 100 food |
| 13:13 | Morgoth Bauglir · first_market_sell 100 stone |
| 13:29 | chekopg_1110 · age_up feudal |
| 14:03 | Morgoth Bauglir · first_building Donjon |
| 14:33 | chekopg_1110 · first_building Stable |
| 14:54 | cuffneyj · age_up castle |
| 15:28 | Beck · age_up castle |
| 15:34 | Beck · first_building Siege Workshop |
| 15:53 | joaopessoense · age_up castle |
| 16:01 | Morgoth Bauglir · age_up castle |
| 16:55 | Beck · first_market_sell 100 food |
| 17:02 | cuffneyj · first_market_buy 100 food |
| 17:02 | Azom · wall_segment Palisade Wall x1 |
| 17:02 | Azom · wall_segment Palisade Wall x1 |
| 17:03 | Azom · wall_segment Palisade Wall x1 |
| 17:03 | Azom · wall_segment Palisade Wall x1 |
| 17:06 | Azom · age_up castle |
| 17:25 | Azom · first_building Siege Workshop |
| 17:40 | dinbsty ascenci · first_building Barracks |
| 17:47 | Beck · first_building Barracks |
| 18:14 | chekopg_1110 · age_up castle |
| 18:23 | cuffneyj · first_market_sell 100 wood |
| 18:36 | dinbsty ascenci · first_building Stable |
| 18:55 | Azom · first_building Barracks |
| 18:58 | joaopessoense · first_building Barracks |
| 19:21 | cuffneyj · first_building Castle |
| 20:04 | joaopessoense · first_building Archery Range |
| 20:13 | SrAbrazitos♡ · first_building Stable |
| 20:50 | SrAbrazitos♡ · age_up castle |
| 22:43 | SrAbrazitos♡ · first_building Siege Workshop |
| 22:58 | dinbsty ascenci · first_building Castle |
| 23:01 | chekopg_1110 · first_building Monastery |
| 24:29 | joaopessoense · first_market_sell 100 food |
| 24:30 | joaopessoense · first_market_buy 100 stone |
| 24:59 | joaopessoense · first_building Castle |
| 25:34 | chekopg_1110 · first_building Castle |
| 27:51 | dinbsty ascenci · first_building Siege Workshop |
| 28:43 | joaopessoense · first_building Siege Workshop |
| 29:23 | cuffneyj · first_building Barracks |
| 29:26 | dinbsty ascenci · first_market_buy 100 stone |
| 29:48 | SrAbrazitos♡ · first_building Monastery |
| 30:09 | cuffneyj · first_building Stable |
| 30:42 | Beck · first_building Monastery |
| 30:46 | joaopessoense · age_up imperial |
| 31:02 | cuffneyj · first_building Siege Workshop |
| 34:41 | chekopg_1110 · age_up imperial |
| 35:08 | SrAbrazitos♡ · age_up imperial |
| 36:16 | Azom · first_building Castle |
| 36:25 | joaopessoense · first_building Stable |
| 37:40 | SrAbrazitos♡ · first_building Castle |
| 37:55 | Azom · wall_segment Stone Wall x4 |
| 37:56 | Azom · wall_segment Stone Wall x1 |
| 37:57 | Azom · wall_segment Stone Wall x1 |
| 38:54 | dinbsty ascenci · first_market_sell 100 wood |
| 39:01 | Azom · wall_segment Stone Wall x1 |
| 39:07 | Azom · wall_segment Stone Wall x3 |
| 39:17 | Azom · wall_segment Stone Wall x1 |
| 39:19 | Azom · wall_segment Stone Wall x3 |
| 39:20 | Azom · wall_segment Stone Wall x2 |
| 39:21 | Azom · wall_segment Stone Wall x1 |
| 39:21 | Azom · wall_segment Stone Wall x1 |
| 39:21 | Beck · age_up imperial |
| 39:40 | Morgoth Bauglir · first_building Castle |
| 39:44 | Beck · first_building Castle |
| 39:57 | Morgoth Bauglir · first_building Barracks |
| 40:54 | Morgoth Bauglir · first_building Siege Workshop |
| 40:56 | Azom · age_up imperial |
| 44:50 | Morgoth Bauglir · age_up imperial |
| 45:35 | cuffneyj · first_building Archery Range |
| 47:25 | cuffneyj · age_up imperial |
| 47:43 | Azom · first_market_sell 100 wood |
| 49:10 | dinbsty ascenci · first_building Monastery |
| 49:18 | Azom · first_market_buy 100 food |
| 51:06 | chekopg_1110 · tribute_sent a jugador 2 |
| 51:06 | chekopg_1110 · tribute_sent a jugador 3 |
| 51:06 | chekopg_1110 · tribute_sent a jugador 4 |
| 51:06 | chekopg_1110 · tribute_sent a jugador 5 |
| 51:06 | chekopg_1110 · tribute_sent a jugador 6 |
| 51:06 | chekopg_1110 · tribute_sent a jugador 7 |
| 51:06 | chekopg_1110 · tribute_sent a jugador 8 |
| 51:27 | Morgoth Bauglir · resign |
| 51:44 | chekopg_1110 · tribute_sent a jugador 2 |
| 51:44 | chekopg_1110 · tribute_sent a jugador 3 |
| 51:44 | chekopg_1110 · tribute_sent a jugador 4 |
| 51:44 | chekopg_1110 · tribute_sent a jugador 5 |
| 51:44 | chekopg_1110 · tribute_sent a jugador 6 |
| 51:44 | chekopg_1110 · tribute_sent a jugador 7 |
| 51:44 | chekopg_1110 · tribute_sent a jugador 8 |
[ AI ANALYSIS · 1 CREDIT ]
What really happened in this match?
Wolo.gg analyzes every decision: build order, eco, micro, common mistakes by bracket. Personalized analysis on WhatsApp or Discord in 30 seconds.
Civ guide
Jurchens
Map guide
Arena
Perfil
Jugador #23707607